[ AOE2 MATCH · #495883722 ]
UnrankedMongols vs Aztecs
Player's team · WIN
Rival team · LOSS
[ REPLAY ANALYSIS · EXTRACTED FROM THE RECORDED GAME ]
Feudal
9:22
Castle
23:22
Imperial
39:41
| APM avg | 34.2 |
| APM peak | 96 |
| eAPM avg | 23.0 |
| Villagers / military | 131 / 71 |
Focus
⚔️ 26.5% · 🌾 73.5%
Steppe Lancer ×57 · Scout Cavalry ×6 · Trebuchet (Packed) ×5 · Monk ×3
Feudal
10:37
Castle
21:37
Imperial
—
| APM avg | 34.7 |
| APM peak | 64 |
| eAPM avg | 21.2 |
| Villagers / military | 183 / 66 |
Focus
⚔️ 17.0% · 🌾 83.0%
Spearman ×28 · Eagle Scout ×23 · Jaguar Warrior ×15
Match map
Initial resources + every placement click. Lines = walls · curves = elevation contours. ◆ gold · ⬟ stone · ● berries · ✦ relic · ◌ wall gap
Your base· ✓ Closed at 23:22 · 58t walls · 5 gate(s)
wormbabey's base· ✓ Closed at 21:37 · 32t walls · 1 gate(s)
Smoothed initial terrain · ◌ = detected wall gap · hover for details
Inputs per minute
— Otide - - wormbabey
Build order — Otide
First 150 of 360 actions detected
| 0:04 | Queue | Villager (Male) |
| 0:04 | Queue | Villager (Male) |
| 0:05 | Queue | Villager (Male) |
| 0:06 | Build | House |
| 0:07 | Build | House |
| 0:13 | Queue | Villager (Male) |
| 0:14 | Queue | Villager (Male) |
| 1:31 | Queue | Villager (Male) |
| 1:31 | Queue | Villager (Male) |
| 1:31 | Queue | Villager (Male) |
| 1:40 | Build | Mill |
| 2:15 | Queue | Villager (Male) |
| 2:15 | Queue | Villager (Male) |
| 2:41 | Queue | Villager (Male) |
| 2:41 | Queue | Villager (Male) |
| 2:41 | Queue | Villager (Male) |
| 3:11 | Queue | Villager (Male) |
| 3:11 | Queue | Villager (Male) |
| 3:11 | Queue | Villager (Male) |
| 3:20 | Queue | Villager (Male) |
| 3:20 | Queue | Villager (Male) |
| 3:20 | Queue | Villager (Male) |
| 3:53 | Queue | Villager (Male) |
| 3:54 | Queue | Villager (Male) |
| 4:12 | Queue | Villager (Male) |
| 4:12 | Queue | Villager (Male) |
| 4:18 | Build | Lumber Camp |
| 4:43 | Queue | Villager (Male) |
| 4:43 | Queue | Villager (Male) |
| 4:57 | Build | House |
| 5:08 | Queue | Villager (Male) |
| 5:08 | Queue | Villager (Male) |
| 5:18 | Research | Loom |
| 5:21 | Queue | Villager (Male) |
| 5:36 | Queue | Villager (Male) |
| 6:10 | Queue | Villager (Male) |
| 6:10 | Queue | Villager (Male) |
| 6:47 | Build | Mill |
| 6:55 | Build | House |
| 6:57 | Build | House |
| 7:04 | Research | Feudal Age |
| 7:06 | Research | Loom |
| 7:35 | Queue | Villager (Male) |
| 7:36 | Queue | Villager (Male) |
| 7:54 | Queue | Villager (Male) |
| 9:04 | Build | Barracks |
| 9:21 | Build | Mining Camp |
| 9:22 | Age | Feudal Age |
| 9:33 | Queue | Villager (Male) |
| 9:36 | Research | Double-Bit Axe |
| 10:13 | Build | Farm |
| 10:27 | Build | Palisade Wall |
| 10:30 | Build | Palisade Wall |
| 10:33 | Build | Palisade Wall |
| 10:35 | Build | Palisade Wall |
| 10:59 | Queue | Villager (Male) |
| 10:59 | Queue | Villager (Male) |
| 11:06 | Build | Palisade Gate |
| 11:22 | Build | Palisade Gate |
| 11:30 | Build | Palisade Wall |
| 11:39 | Queue | Villager (Male) |
| 11:40 | Queue | Villager (Male) |
| 11:40 | Queue | Villager (Male) |
| 11:42 | Build | Lumber Camp |
| 11:50 | Queue | Villager (Male) |
| 12:13 | Build | House |
| 12:20 | Build | Palisade Wall |
| 12:23 | Build | Palisade Wall |
| 12:30 | Build | Palisade Wall |
| 12:33 | Build | Palisade Wall |
| 12:46 | Build | Farm |
| 13:14 | Build | House |
| 13:16 | Build | Palisade Wall |
| 13:17 | Build | Palisade Wall |
| 13:18 | Build | Palisade Wall |
| 13:20 | Build | Palisade Wall |
| 13:29 | Build | Market |
| 13:40 | Build | Farm |
| 13:40 | Build | Farm |
| 13:40 | Build | Farm |
| 13:47 | Queue | Villager (Male) |
| 13:47 | Queue | Villager (Male) |
| 14:06 | Build | Farm |
| 14:13 | Build | Palisade Wall |
| 14:15 | Build | Palisade Wall |
| 14:26 | Research | Horse Collar |
| 14:30 | Build | Farm |
| 14:46 | Build | House |
| 14:48 | Build | House |
| 14:54 | Build | House |
| 14:58 | Queue | Villager (Male) |
| 14:58 | Queue | Villager (Male) |
| 14:58 | Queue | Villager (Male) |
| 14:59 | Queue | Villager (Male) |
| 14:59 | Queue | Villager (Male) |
| 15:22 | Build | Palisade Wall |
| 15:25 | Build | Palisade Wall |
| 15:36 | Build | Palisade Wall |
| 15:38 | Build | Palisade Wall |
| 15:43 | Build | Palisade Wall |
| 15:50 | Research | Stone Mining |
| 15:52 | Build | Palisade Wall |
| 15:55 | Build | House |
| 16:06 | Build | Palisade Gate |
| 16:17 | Build | Palisade Gate |
| 16:22 | Build | House |
| 16:24 | Queue | Villager (Male) |
| 16:24 | Queue | Villager (Male) |
| 16:24 | Queue | Villager (Male) |
| 16:38 | Build | Stable |
| 16:57 | Queue | Villager (Male) |
| 16:58 | Queue | Villager (Male) |
| 17:00 | Build | Farm |
| 17:35 | Queue | Scout Cavalry |
| 17:36 | Queue | Scout Cavalry |
| 17:36 | Queue | Scout Cavalry |
| 17:37 | Queue | Scout Cavalry |
| 17:50 | Build | Watch Tower |
| 18:05 | Build | Farm |
| 18:11 | Build | Farm |
| 18:14 | Build | Lumber Camp |
| 18:58 | Build | Palisade Wall |
| 19:43 | Queue | Scout Cavalry |
| 19:43 | Queue | Scout Cavalry |
| 19:52 | Queue | Villager (Male) |
| 19:53 | Queue | Villager (Male) |
| 19:53 | Queue | Villager (Male) |
| 19:53 | Queue | Villager (Male) |
| 20:23 | Research | Castle Age |
| 20:28 | Build | Palisade Wall |
| 20:31 | Build | Palisade Wall |
| 20:36 | Build | Palisade Wall |
| 20:46 | Build | Palisade Wall |
| 20:51 | Build | Farm |
| 21:14 | Build | Farm |
| 21:14 | Build | Farm |
| 21:15 | Build | Farm |
| 21:15 | Build | Farm |
| 21:15 | Build | Farm |
| 21:15 | Build | Farm |
| 21:15 | Build | Farm |
| 21:16 | Build | Farm |
| 21:16 | Build | Farm |
| 21:16 | Build | Farm |
| 21:16 | Build | Farm |
| 21:16 | Build | Farm |
| 21:17 | Build | Farm |
| 21:17 | Build | Farm |
| 21:23 | Research | Wheelbarrow |
| 21:34 | Build | Palisade Wall |
Build order — wormbabey
First 150 of 382 actions detected
| 0:00 | Queue | Villager (Male) |
| 0:00 | Queue | Villager (Male) |
| 0:01 | Queue | Villager (Male) |
| 0:02 | Build | House |
| 0:04 | Build | House |
| 0:12 | Queue | Villager (Male) |
| 1:43 | Queue | Villager (Male) |
| 2:05 | Build | Lumber Camp |
| 2:15 | Queue | Villager (Male) |
| 2:15 | Queue | Villager (Male) |
| 2:58 | Queue | Villager (Male) |
| 3:25 | Build | House |
| 3:34 | Queue | Villager (Male) |
| 4:12 | Queue | Villager (Male) |
| 4:12 | Queue | Villager (Male) |
| 4:34 | Build | Palisade Wall |
| 4:47 | Build | Mill |
| 4:53 | Queue | Villager (Male) |
| 4:54 | Queue | Villager (Male) |
| 5:11 | Queue | Villager (Male) |
| 6:20 | Queue | Villager (Male) |
| 6:20 | Queue | Villager (Male) |
| 7:11 | Queue | Villager (Male) |
| 7:23 | Research | Loom |
| 7:32 | Build | Barracks |
| 8:25 | Queue | Villager (Male) |
| 8:25 | Queue | Villager (Male) |
| 8:27 | Research | Feudal Age |
| 8:43 | Build | Farm |
| 8:58 | Build | House |
| 9:03 | Build | Palisade Wall |
| 9:21 | Build | House |
| 9:22 | Build | Palisade Wall |
| 9:30 | Queue | Villager (Male) |
| 9:30 | Queue | Villager (Male) |
| 10:16 | Build | House |
| 10:19 | Build | Palisade Gate |
| 10:22 | Queue | Villager (Male) |
| 10:22 | Queue | Villager (Male) |
| 10:37 | Age | Feudal Age |
| 10:41 | Queue | Eagle Scout |
| 10:41 | Queue | Eagle Scout |
| 10:46 | Research | Double-Bit Axe |
| 11:01 | Build | House |
| 11:05 | Build | Palisade Wall |
| 11:08 | Build | Palisade Wall |
| 11:11 | Build | Palisade Wall |
| 11:11 | Queue | Villager (Male) |
| 11:12 | Queue | Villager (Male) |
| 11:26 | Build | House |
| 11:48 | Queue | Villager (Male) |
| 11:50 | Build | Farm |
| 11:51 | Build | Farm |
| 12:06 | Build | Palisade Wall |
| 12:08 | Build | Palisade Wall |
| 12:23 | Build | Blacksmith |
| 12:36 | Queue | Villager (Male) |
| 12:36 | Queue | Villager (Male) |
| 12:52 | Build | Mining Camp |
| 13:18 | Research | Padded Archer Armor |
| 13:21 | Research | Scale Mail Armor |
| 13:24 | Build | Farm |
| 13:24 | Build | Farm |
| 13:35 | Queue | Eagle Scout |
| 13:45 | Build | Farm |
| 13:49 | Build | Farm |
| 13:57 | Build | House |
| 14:00 | Build | Palisade Wall |
| 14:01 | Queue | Villager (Male) |
| 14:15 | Build | Farm |
| 14:20 | Queue | Eagle Scout |
| 14:37 | Queue | Villager (Male) |
| 14:41 | Build | Farm |
| 14:51 | Queue | Villager (Male) |
| 15:02 | Queue | Villager (Male) |
| 15:09 | Build | Farm |
| 15:33 | Queue | Eagle Scout |
| 15:34 | Queue | Villager (Male) |
| 15:34 | Queue | Villager (Male) |
| 15:34 | Queue | Villager (Male) |
| 15:49 | Queue | Villager (Male) |
| 16:12 | Queue | Villager (Male) |
| 16:12 | Queue | Villager (Male) |
| 16:12 | Queue | Eagle Scout |
| 16:17 | Build | Farm |
| 16:48 | Build | Farm |
| 17:00 | Build | Farm |
| 17:06 | Build | Farm |
| 17:11 | Build | Farm |
| 17:11 | Queue | Villager (Male) |
| 17:18 | Build | Market |
| 17:47 | Build | Farm |
| 18:25 | Queue | Villager (Male) |
| 18:40 | Research | Castle Age |
| 18:46 | Queue | Eagle Scout |
| 18:48 | Queue | Eagle Scout |
| 18:57 | Build | Farm |
| 18:58 | Build | Farm |
| 18:58 | Build | Farm |
| 19:19 | Research | Forging |
| 20:09 | Queue | Villager (Male) |
| 20:09 | Queue | Villager (Male) |
| 20:10 | Queue | Eagle Scout |
| 20:11 | Queue | Eagle Scout |
| 20:48 | Queue | Eagle Scout |
| 20:48 | Queue | Villager (Male) |
| 20:49 | Queue | Villager (Male) |
| 21:04 | Build | Mining Camp |
| 21:37 | Age | Castle Age |
| 21:39 | Research | Chain Mail Armor |
| 21:48 | Build | House |
| 21:53 | Build | Town Center |
| 22:11 | Build | Town Center |
| 22:15 | Queue | Villager (Male) |
| 22:15 | Queue | Villager (Male) |
| 22:36 | Queue | Villager (Male) |
| 22:36 | Queue | Villager (Male) |
| 22:37 | Build | Farm |
| 22:41 | Queue | Villager (Male) |
| 22:41 | Queue | Villager (Male) |
| 22:43 | Research | Squires |
| 23:05 | Research | Gold Mining |
| 23:08 | Research | Stone Mining |
| 23:24 | Queue | Villager (Male) |
| 23:25 | Queue | Villager (Male) |
| 23:29 | Queue | Villager (Male) |
| 23:29 | Queue | Villager (Male) |
| 23:32 | Queue | Villager (Male) |
| 23:32 | Queue | Villager (Male) |
| 23:33 | Queue | Villager (Male) |
| 23:42 | Queue | Villager (Male) |
| 23:42 | Queue | Villager (Male) |
| 23:46 | Queue | Eagle Scout |
| 23:51 | Queue | Villager (Male) |
| 23:52 | Queue | Villager (Male) |
| 24:15 | Build | Farm |
| 24:15 | Build | Farm |
| 24:15 | Build | Farm |
| 24:20 | Build | Farm |
| 24:21 | Queue | Villager (Male) |
| 24:21 | Queue | Villager (Male) |
| 24:25 | Queue | Eagle Scout |
| 24:47 | Research | Bow Saw |
| 24:51 | Queue | Eagle Scout |
| 24:51 | Queue | Villager (Male) |
| 24:52 | Queue | Villager (Male) |
| 24:55 | Queue | Villager (Male) |
| 24:59 | Build | House |
| 25:09 | Build | House |
| 25:15 | Build | House |
Match timeline
| 4:34 | wormbabey · wall_segment Palisade Wall x1 |
| 7:32 | wormbabey · first_building Barracks |
| 9:03 | wormbabey · wall_segment Palisade Wall x8 |
| 9:04 | Otide · first_building Barracks |
| 9:22 | wormbabey · wall_segment Palisade Wall x1 |
| 9:22 | Otide · age_up feudal |
| 10:27 | Otide · wall_segment Palisade Wall x1 |
| 10:30 | Otide · wall_segment Palisade Wall x7 |
| 10:33 | Otide · wall_segment Palisade Wall x4 |
| 10:35 | Otide · wall_segment Palisade Wall x4 |
| 10:37 | wormbabey · age_up feudal |
| 11:05 | wormbabey · wall_segment Palisade Wall x4 |
| 11:08 | wormbabey · wall_segment Palisade Wall x1 |
| 11:11 | wormbabey · wall_segment Palisade Wall x1 |
| 11:30 | Otide · wall_segment Palisade Wall x1 |
| 12:06 | wormbabey · wall_segment Palisade Wall x5 |
| 12:08 | wormbabey · wall_segment Palisade Wall x7 |
| 12:20 | Otide · wall_segment Palisade Wall x4 |
| 12:23 | Otide · wall_segment Palisade Wall x5 |
| 12:30 | Otide · wall_segment Palisade Wall x6 |
| 12:33 | Otide · wall_segment Palisade Wall x11 |
| 13:16 | Otide · wall_segment Palisade Wall x2 |
| 13:17 | Otide · wall_segment Palisade Wall x1 |
| 13:18 | Otide · wall_segment Palisade Wall x2 |
| 13:20 | Otide · wall_segment Palisade Wall x5 |
| 14:00 | wormbabey · wall_segment Palisade Wall x4 |
| 14:13 | Otide · wall_segment Palisade Wall x1 |
| 14:15 | Otide · wall_segment Palisade Wall x4 |
| 15:22 | Otide · wall_segment Palisade Wall x1 |
| 15:25 | Otide · wall_segment Palisade Wall x1 |
| 15:36 | Otide · wall_segment Palisade Wall x1 |
| 15:38 | Otide · wall_segment Palisade Wall x1 |
| 15:43 | Otide · wall_segment Palisade Wall x1 |
| 15:52 | Otide · wall_segment Palisade Wall x1 |
| 16:38 | Otide · first_building Stable |
| 18:34 | wormbabey · first_market_buy 100 food |
| 18:36 | wormbabey · first_market_sell 100 wood |
| 18:58 | Otide · wall_segment Palisade Wall x1 |
| 20:16 | Otide · first_market_sell 100 wood |
| 20:18 | Otide · first_market_buy 100 food |
| 20:28 | Otide · wall_segment Palisade Wall x1 |
| 20:31 | Otide · wall_segment Palisade Wall x1 |
| 20:36 | Otide · wall_segment Palisade Wall x1 |
| 20:46 | Otide · wall_segment Palisade Wall x1 |
| 21:34 | Otide · wall_segment Palisade Wall x1 |
| 21:37 | wormbabey · age_up castle |
| 23:22 | Otide · age_up castle |
| 27:27 | wormbabey · first_building Castle |
| 33:56 | Otide · first_building Siege Workshop |
| 34:22 | Otide · first_building Monastery |
| 39:01 | Otide · first_building Castle |
| 39:41 | Otide · age_up imperial |
| 43:36 | wormbabey · resign |
[ AI ANALYSIS · 1 CREDIT ]
What really happened in this match?
Wolo.gg analyzes every decision: build order, eco, micro, common mistakes by bracket. Personalized analysis on WhatsApp or Discord in 30 seconds.
Civ guide
Mongols
Perfil
Jugador #16686330